 Dungeon Crawl Stone Soup version 0.28-a0-1374-ga75cb3825e (webtiles) character file.

Game seed: 3318974669096335857

63 SensoryNuts the Skirmisher (level 3, -3/29 HPs)
             Began as a Demonspawn Fighter on Jan 1, 2022.
             Was an Initiate of Gozag.
             Slain by Grinder (5 damage)
             ... while paralysed by Grinder
             ... on level 3 of the Dungeon.
             The game lasted 00:02:17 (2206 turns).

SensoryNuts the Skirmisher (Demonspawn Fighter)     Turns: 2206, Time: 00:02:18

Health: -3/29      AC:  6    Str: 18    XL:     3   Next: 87%
Magic:  3/3        EV:  2    Int:  9    God:    Gozag
Gold:   233        SH:  0    Dex: 12    Spells: 2/2 levels left

rFire   . . .      SeeInvis .   a - +0 long sword
rCold   . . .      Faith    .   c - +0 buckler
rNeg    . . .      Spirit   .   b - +0 scale mail
rPois   .          Reflect  .   (no helmet)
rElec   .          Harm     .   (no cloak)
rCorr   .          Rampage  .   (no gloves)
Will    .....                   (no boots)
Stlth   ..........              (no amulet)
HPRegen 0.09/turn               (no ring)
MPRegen 0.08/turn               (no ring)

@: paralysed, mighty
A: demonic guardian 1
a: Renounce Religion, Potion Petition, Call Merchant, Bribe Branch


You were on level 3 of the Dungeon.
You worshipped Gozag.
Gozag was aware of your devotion.
You visited 1 branch of the dungeon, and saw 3 of its levels.

You collected 233 gold pieces.

Inventory:

Hand Weapons
 a - a +0 long sword (weapon)
Armour
 b - a +0 scale mail (worn)
 c - a +0 buckler (worn)
Jewellery
 k - an amulet of magic regeneration
Scrolls
 e - a scroll of teleportation {unknown}
 g - a scroll of fog {unknown}
 i - 2 scrolls of enchant weapon {unknown}
Potions
 d - a potion of might
 f - a potion of heal wounds {unknown}
 h - 2 potions of flight {unknown}
 j - a potion of curing {unknown}


   Skills:
 + Level 3.3 Fighting
 + Level 2.9 Long Blades
 + Level 3.1 Armour
 + Level 0.1 Dodging
 + Level 3.0 Shields


You had 2 spell levels left.
You didn't know any spells.
Your spell library contained the following spells:

 Spells                   Type           Power      Damage    Failure   Level
 Sting                    Tmut/Pois      0%         1d3       82%         1
 Poisonous Vapours        Pois/Air       0%         N/A       91%         2
 Olgreb's Toxic Radiance  Pois           0%         N/A       100%        4


Dungeon Overview and Level Annotations

Branches:
Dungeon (3/15)

Altars:
Gozag

Annotations:
D:3 Grinder


Innate Abilities, Weirdness & Mutations

A weak demonic guardian rushes to your aid.


Message History

No target in view!
You now have 233 gold pieces (gained 7).
Key pressed, stopping explore.
Found a stone staircase leading up.
Done exploring.
Done exploring.
Done exploring.
Done exploring.
There is a stone staircase leading down here.
You climb downwards.
Found a dented cameo amulet.
There is a stone staircase leading up here.
k - an amulet of magic regeneration You pick up a Young Poisoner's Handbook and begin reading...
You add the spells Sting, Poisonous Vapours and Olgreb's Toxic Radiance to your library.
Grinder comes into view.
Grinder gestures at you. Pain shoots through your body!
You feel very mighty all of a sudden. Grinder hits you but does no damage.
You barely miss Grinder. Grinder hits you but does no damage.
Unknown command.
You slice Grinder!!
Grinder is heavily wounded.
Grinder drinks a potion.
Grinder seems to grow stronger.
You closely miss Grinder.
Grinder is heavily wounded.
Grinder gestures at you. Pain shoots through your body!
You slash Grinder!
Grinder is severely wounded.
Grinder closely misses you. Grinder gestures at you.
You suddenly lose the ability to move!
Grinder hits you. Grinder hits you!
* * * LOW HITPOINT WARNING * * *
A demonic guardian appears!
You writhe in agony.
You die...
Your body crumbles into a pile of gold.

#.. #.#
#.###.#.####..###.####
.....................#
#..#.#...........<###
#...#.####.#.##.##
#....# #.#.##.# #.5.#
#.#.##.## #5.#
#.#.....### #@#
#.#......... #.#
#.......#### # ##.#
###.....# #..###..#
##.....#
##......#####...#.##
..................#
#############...###
##.....# #.#####


You could see Grinder (strong, ally target) and a friendly iron imp (summoned).

Vanquished Creatures
  An adder (D:2)
  2 worms (D:2)
  A dart slug (D:2)
  2 bats (D:1)
  5 endoplasms
  3 giant cockroaches
  5 goblins
  3 hobgoblins
  3 jackals (D:2)
  2 quokkas
  4 ball pythons
  4 kobolds
  6 rats
41 creatures vanquished.

Vanquished Creatures (collateral kills)
  A rat (D:2)
1 creature vanquished.

Grand Total: 42 creatures vanquished

Notes
Turn   | Place    | Note
-------+----------+-------------------------------------------
     0 | D:1      | SensoryNuts the Demonspawn Fighter began the quest for the
                  | Orb.
     0 | D:1      | Reached XP level 1. HP: 18/18 MP: 1/1
   135 | D:1      | Gained mutation: A weak demonic guardian rushes to your
                  | aid. [demonic ancestry]
   135 | D:1      | Reached XP level 2. HP: 24/24 MP: 2/2
   570 | D:1      | Found a faded altar of an unknown god.
  1019 | D:1      | Prayed at the altar of an unknown god.
  1019 | D:1      | Became a worshipper of Gozag Ym Sagoz the Greedy
  1176 | D:2      | Reached XP level 3. HP: 24/29 MP: 3/3
  2198 | D:3      | Noticed Grinder
  2204 | D:3      | Paralysed by Grinder for 3 turns
  2206 | D:3      | Slain by Grinder

Illustrated notes

Levels and vault maps discovered:
D:1:      erik_arrival_cave_to_civilisation [erik_arrival_cave_to_temple],
          layout_basic, nicolae_ecumenical_lake_church
D:2:      layout_basic
D:3:      layout_loops_ring, nemelex_spade_bored_becter,
          serial_co_window_serial, co_window_of_opportunity_a,
          co_window_paths_b, co_window_corner_a, co_window_paths_a,
          co_window_paths_b, co_window_paths_b, co_window_broadway_c,
          co_window_unsneaky_path_d, co_window_unsneaky_path_c,
          co_window_broadway_c, co_window_corner_ca, co_window_paths_c,
          co_window_paths_e, glass_columns_a, glass_columns_b, glass_columns_a,
          glass_columns_b, uniq_grinder

Skill      XL: |  1  2 |
---------------+-------+-----
Long Blades    | 2 |  2.9
Shields        | 3 |  3.0
Armour         | 3 |  3.1
Fighting       | |  3.3
Dodging        | |  0.1

Action                   || total
-------------------------++-------
Melee: Long sword        ||   128
  Use: Potion            ||     1
Armor: Scale mail        ||    50
Dodge: Dodged            ||    60
Block: Buckler           ||    29

Table legend: (Time is in decaauts)
 A = Elapsed time spent in this place.
 B = Non-inter-level travel time spent in this place.
 C = Inter-level travel time spent in this place.
 D = Time resting spent in this place.
 E = Time spent auto-exploring this place.
 F = Levels seen in this place.
 G = Mean time per level.
                   A        B        C        D        E       F      G
               +--------+--------+--------+--------+--------+-----+--------+
         Total |   2243 |   2137 |    106 |      0 |   1785 |   3 |  747.7 |
       Dungeon |   2243 |   2137 |    106 |      0 |   1785 |   3 |  747.7 |
               +--------+--------+--------+--------+--------+-----+--------+

Top non-repeatable levels by time:
     D:1: 1180 daAuts
     D:2: 1024 daAuts
     D:3: 38 daAuts
